 Dungeon Crawl Stone Soup version 0.30-b1-2-g02819fbbbe (webtiles) character file.

Game seed: 5530926187675023311

(classic levelgen) 24778 EnegeticOcto the Severer (level 12, -10/110 HPs)
             Began as a Minotaur Fighter on May 8, 2023.
             Was a High Priest of Cheibriados.
             Killed from afar by Jorgrun (48 damage)
             ... with an iron shot
             ... on level 14 of the Dungeon.
             The game lasted 00:08:22 (13618 turns).

EnegeticOcto the Severer (Minotaur Fighter)        Turns: 13618, Time: 00:08:23

Health: -10/110    AC: 21    Str: 44    XL:     12   Next: 83%
Magic:  15/15      EV: 15    Int: 19    God:    Cheibriados [*****.]
Gold:   80         SH: 17    Dex: 29    Spells: 11/11 levels left

rFire   . . .        a - +4 broad axe (elec)
rCold   . . .        D - +2 kite shield
rNeg    . . .        w - +1 plate armour
rPois   +            q - +1 hat
rElec   .            m - +0 cloak of the Equinox {rCorr Str+3 SInv}
rCorr   +            K - +0 pair of gloves
SInv    +            C - +0 pair of boots
Will    .....        v - amulet of the acrobat Stlth
                     c - ring of poison resistance
HPRegen 0.38/turn    E - +6 ring of dexterity
MPRegen 0.14/turn

%: acrobat
@: on berserk cooldown, slowed, very slow
A: horns 2, retaliatory headbutt
a: Renounce Religion, Bend Time, Temporal Distortion, Slouch, Step From Time


You were on level 14 of the Dungeon.
You worshipped Cheibriados.
Cheibriados was extremely pleased with you.
You visited 2 branches of the dungeon, and saw 15 of its levels.
You also visited: Sewer.

You collected 1565 gold pieces.
You spent 1485 gold pieces at shops.

Inventory:

Hand Weapons
 a - a +4 broad axe of electrocution (weapon)
   (You acquired it on level 8 of the Dungeon)
Armour
 m - the +0 cloak of the Equinox (worn) {rCorr Str+3 SInv}
   (You acquired it on level 4 of the Dungeon)

   Str:       It affects your strength (+3).
   SInv:      It lets you see invisible.
   rCorr:     It protects you from acid and corrosion.
 q - a +1 hat (worn)
   (You took it off Gastronok on level 9 of the Dungeon)
 w - a +1 plate armour (worn)
   (You found it on level 3 of the Dungeon)
 C - a +0 pair of boots (worn)
   (You found it on level 8 of the Dungeon)
 D - a +2 kite shield (worn)
   (You bought it in a shop on level 10 of the Dungeon)
 K - a +0 pair of gloves (worn)
   (You found it on level 11 of the Dungeon)
Jewellery
 c - a ring of poison resistance (left hand)
   (You found it on level 3 of the Dungeon)
 v - an amulet of the acrobat (around neck)
   (You found it on level 3 of the Dungeon)
 E - a +6 ring of dexterity (right hand)
   (You found it on level 8 of the Dungeon)
 I - an amulet of reflection
   (You found it on level 10 of the Dungeon)
Wands
 n - a wand of paralysis (19)
   (You found it on level 4 of the Dungeon)
 t - a wand of flame (12) {@v4}
   (You found it on level 13 of the Dungeon)
 y - a wand of iceblast (21) {@v2}
   (You found it on level 4 of the Dungeon)
Scrolls
 e - 5 scrolls of teleportation {@r3}
 f - 5 scrolls of magic mapping {@r5}
 h - 4 scrolls of fog
 j - a scroll of silence
 o - 2 scrolls of enchant armour
 p - 2 scrolls of blinking {@r4}
 s - a scroll of immolation
 F - a scroll of poison
 H - 2 scrolls of identify {@r1}
Potions
 b - a potion of invisibility
 d - a potion of might {@q3}
 g - a potion of lignification
 i - 3 potions of haste {@q4}
 k - 9 potions of ambrosia
 l - a potion of berserk rage
 r - 2 potions of mutation
 u - 2 potions of attraction
 x - 2 potions of flight
 z - 2 potions of magic
 A - 3 potions of curing {@q1}
 B - 2 potions of degeneration
 G - 4 potions of heal wounds {@q2}
 M - a potion of resistance {@q5}
Miscellaneous
 J - a box of beasts
   (You found it on level 11 of the Dungeon)


   Skills:
 + Level 11.4 Fighting
 * Level 15.1 Axes
 + Level 11.5 Armour
 + Level 6.8 Dodging
 + Level 11.3 Shields
 + Level 6.2 Invocations


You had 11 spell levels left.
You didn't know any spells.
Your spell library was empty.

Dungeon Overview and Level Annotations

Branches:
Dungeon (14/15)            Temple (1/1) D:7            Lair (0/5) D:9
    Orc (0/2) D:12          Sewer (visited)
 Vaults: D:13-14

Altars:
Ashenzari
Cheibriados
Dithmenos
Elyvilon
Fedhas
Gozag
Hepliaklqana
Kikubaaqudgha
Makhleb
Nemelex Xobeh
Okawaru
Qazlal
Sif Muna
Trog
Uskayaw
Vehumet
Wu Jian
Xom
Yredelemnul
Zin
The Shining One

Shops:
D:8 ?   D:10 ![[(   D:13 (

Portals:
Abyss: D:4

Annotations:
D:4 2 transporters, 1 runed translucent door, Crazy Yiuf; greggregreg's ghost, amateur HuHu
D:14 Jorgrun


Innate Abilities, Weirdness & Mutations

You have a pair of horns on your head.
You reflexively headbutt those who attack you in melee.


Message History

There is a stone staircase leading up here.
You now have 72 gold pieces (gained 15).
You now have 80 gold pieces (gained 8).
Found a whip.
A manticore comes into view.
A manticore is nearby!
You hit the manticore.
The manticore is lightly wounded.
You block the manticore's attack. The manticore closely misses you.
You block the manticore's attack.
You slash the manticore!
The manticore is moderately wounded.
The manticore bites you but does no damage.
The manticore claws you but does no damage.
The manticore claws you.
You hit the manticore.
The manticore is moderately wounded.
You block the manticore's attack. x2
The manticore claws you but does no damage.
You slash the manticore!
The manticore is heavily wounded.
You block the manticore's attack.
The manticore claws you but does no damage.
You block the manticore's attack.
You slice the manticore!! You headbutt the manticore.
The manticore is almost dead.
You block the manticore's attack. x2; The manticore misses you.
You slash the manticore!
You kill the manticore!
Cheibriados thoroughly appreciates the change of pace.
Cheibriados raises the support of your attributes as your movement slows.
No target in view!
No target in view!
No target in view!
No target in view!
No target in view!
No target in view!
HP restored.
You open the door.
There is an open door here.
Found a pair of boots.
e - 5 scrolls of teleportation {@r3} (gained 1)
You open the door.
Found a stone staircase leading up.
There is an open door here.
Jorgrun Earthshaker comes into view.
He is wielding a +0 heavy quarterstaff.
Jorgrun shouts!
Jorgrun gestures at you while chanting.
Roots burst forth from the earth!
The grasping roots grab you! The grasping roots constrict you!
You escape the roots grasp.
Jorgrun casts a spell at you.
Roots burst forth from the earth!
The grasping roots grab you! The grasping roots constrict you.
Jorgrun points at you and mumbles some strange words.
You are slowing down.
The grasping roots constrict you!
Your limbs are stiffening.
It was a potion of berserk rage.
A red film seems to cover your vision as you go berserk!
Cheibriados protects you from inadvertent hurry.
You feel mighty!
Jorgrun drinks a potion.
Jorgrun flickers and vanishes for a moment.
The grasping roots constrict you!
You have turned to stone.
The grasping roots constrict you!
Jorgrun hits you with a +0 heavy quarterstaff!!
The grasping roots constrict you! Jorgrun gestures at you while chanting.
The iron shot hits you!! The grasping roots constrict you.
Jorgrun points at you and mumbles some strange words.
The iron shot hits you! The grasping roots constrict you!
Jorgrun hits you but does no damage. The grasping roots constrict you.
Jorgrun hits you but does no damage. The grasping roots constrict you.
The grasping roots release their grip on you.
Jorgrun hits you but does no damage.
Jorgrun hits you with a +0 heavy quarterstaff.
You turn to flesh and can move again.
You cut Jorgrun into ribbons!!! Lightning courses through Jorgrun!!
You headbutt Jorgrun!
Jorgrun is heavily wounded.
You hear a horrible gurgling sound!
You barely miss Jorgrun.
Jorgrun is heavily wounded.
Jorgrun completely misses you.
You barely miss Jorgrun. You headbutt Jorgrun.
Jorgrun is heavily wounded.
You are no longer berserk.
You are exhausted.
You feel yourself slow down. You block Jorgrun's attack.
You slice Jorgrun!!
Jorgrun is almost dead.
A red ugly thing comes into view.
You slash Jorgrun! Your headbutt misses Jorgrun.
Jorgrun is almost dead.
Jorgrun gestures at you while chanting. The iron shot hits you!!
Jorgrun gestures at you while chanting. The iron shot hits you!!!
You die...

............#####
#.......^........#....
#................#....
#......#####.....#....
###......#...#.....'....
.........#...#.....#####
.........#...#..........
.u.....g.#...#.....#####
#..@.#...#.....#
#....#...+.....#
#....#'###.....#
#..............#
#..................
......#########......
.......# #.......
###..### #....[.. #..
.......


You could see Jorgrun (invisible) and a red ugly thing.

Vanquished Creatures
  Gastronok (D:9)
  A hydra (D:13)
  A centaur warrior (D:13)
  2 boulder beetles (D:11)
  A tengu warrior (D:13)
  3 death yaks (D:9)
  3 two-headed ogres (D:10)
  Pikel (D:5)
  A deep elf pyromancer (D:13)
  2 ugly things (D:12)
  3 manticores
  A cyclops (D:13)
  A gargoyle (D:11)
  Psyche (D:8)
  A komodo dragon (D:13)
  An unseen horror (D:11)
  A kobold demonologist (D:11)
  5 trolls
  A queen bee (D:11)
  4 slime creatures (D:12)
  2 wraiths
  14 yaks
  2 vampires
  A water elemental (D:11)
  A shadow (D:12)
  3 steam dragons
  A basilisk (D:12)
  8 vampire mosquitoes
  4 acid dragons
  A water moccasin (D:6)
  2 sky beasts
  3 black bears
  Pargi (Sewer)
  An ice beast (D:8)
  An orc warrior (D:11)
  3 ogres
  10 centaurs
  A kobold brigand (D:6)
  3 bullfrogs
  3 gnoll sergeants
  A scorpion (D:6)
  12 wights
  30 killer bees
  5 electric eels (D:11)
  11 howler monkeys
  3 jellies
  7 orc priests (D:5)
  3 hounds
  2 sleepcaps
  An iguana (D:6)
  Ijyb (D:5)
  10 orc wizards
  2 hell rats (D:9)
  Terence (D:3)
  8 adders
  10 gnolls
  6 river rats
  A shadow imp (D:8)
  2 white imps
  2 worms
  3 dart slugs
  21 orcs
  6 ball pythons
  5 bats
  6 endoplasms
  5 giant cockroaches
  7 goblins
  6 hobgoblins
  12 jackals
  A quokka (D:1)
  7 frilled lizards
  16 kobolds
  10 rats
323 creatures vanquished.

Vanquished Creatures (others)
  A jackal (D:1)
  6 plants
7 creatures vanquished.

Grand Total: 330 creatures vanquished

Notes
Turn   | Place    | Note
-------+----------+-------------------------------------------
     0 | D:1      | EnegeticOcto the Minotaur Fighter began the quest for the
                  | Orb.
     0 | D:1      | Reached XP level 1. HP: 19/19 MP: 0/0
    83 | D:1      | Reached XP level 2. HP: 23/27 MP: 1/1
   147 | D:1      | Reached skill level 3 in Axes
   494 | D:1      | Reached XP level 3. HP: 33/33 MP: 2/2
  1938 | D:3      | Reached XP level 4. HP: 40/40 MP: 3/3
  2048 | D:3      | Noticed Terence
  2049 | D:3      | Found a bloodstained altar of Trog.
  2059 | D:3      | Killed Terence
  2060 | D:3      | Reached skill level 4 in Axes
  2107 | D:3      | Found a shimmering blue altar of Sif Muna.
  2355 | D:4      | Identified a scroll of acquirement
  2355 | D:4      | Acquired the +0 cloak of the Equinox {rCorr Str+3 SInv}
  2512 | D:4      | Reached XP level 5. HP: 46/47 MP: 4/4
  2545 | D:4      | Found a glowing drain.
  2550 | Sewer    | Entered a sewer
  2613 | Sewer    | Noticed Pargi
  2622 | Sewer    | Killed Pargi
  2623 | Sewer    | Reached skill level 5 in Axes
  2623 | Sewer    | Reached XP level 6. HP: 49/55 MP: 5/5
  2776 | D:4      | Reached skill level 5 in Fighting
  2776 | D:4      | Reached skill level 5 in Armour
  2776 | D:4      | Reached skill level 5 in Shields
  2790 | D:4      | Found a transporter.
  2862 | D:4      | Found a transporter.
  2868 | D:4      | Found a one-way gate to the infinite horrors of the Abyss.
  2868 | D:4      | Noticed greggregreg's ghost (amateur HuHu)
  3823 | D:4      | Found a runed translucent door.
  3824 | D:4      | Noticed Crazy Yiuf
  3846 | D:5      | Entered Level 5 of the Dungeon
  3857 | D:5      | Reached skill level 6 in Axes
  4080 | D:5      | Noticed Ijyb
  4091 | D:5      | Killed Ijyb
  4092 | D:5      | Reached XP level 7. HP: 48/61 MP: 6/6
  4204 | D:5      | Noticed Pikel
  4213 | D:5      | Killed Pikel
  4214 | D:5      | Reached skill level 7 in Axes
  4214 | D:5      | Reached XP level 8. HP: 64/70 MP: 7/7
  5032 | D:6      | Reached skill level 8 in Axes
  5368 | D:6      | Reached skill level 9 in Axes
  5517 | D:6      | Reached XP level 9. HP: 59/79 MP: 8/8
  6289 | D:7      | Reached skill level 10 in Axes
  6695 | D:7      | Found a staircase to the Ecumenical Temple.
  6707 | Temple   | Entered the Ecumenical Temple
  6742 | Temple   | Became a worshipper of Cheibriados the Contemplative
  7152 | D:8      | Reached skill level 11 in Axes
  7162 | D:8      | Reached * piety under Cheibriados
  7390 | D:8      | Reached XP level 10. HP: 76/90 MP: 9/9
  7467 | D:8      | Reached skill level 1 in Dodging
  7515 | D:8      | Reached skill level 1 in Invocations
  7717 | D:8      | Found an ornate altar of the Wu Jian Council.
  7994 | D:8      | Found Arphowath's Magic Scroll Boutique.
  8041 | D:8      | Found a hide-covered altar of Uskayaw.
  8044 | D:8      | Found an ancient bone altar of Kikubaaqudgha.
  8048 | D:8      | Found a basalt altar of Yredelemnul.
  8365 | D:8      | Noticed Psyche
  8370 | D:8      | Killed Psyche
  8529 | D:9      | Noticed a death yak
  8530 | D:9      | Noticed a death yak
  8537 | D:9      | Noticed a death yak
  8539 | D:9      | Reached ** piety under Cheibriados
  8769 | D:9      | Found an iron altar of Okawaru.
  8814 | D:9      | Killed a death yak
  8824 | D:9      | Killed a death yak
  8825 | D:9      | Reached skill level 12 in Axes
  8828 | D:9      | Killed a death yak
  9062 | D:9      | Found a white marble altar of Elyvilon.
  9185 | D:9      | Noticed Gastronok
  9201 | D:9      | Killed Gastronok
  9202 | D:9      | Reached XP level 11. HP: 82/99 MP: 12/12
  9294 | D:9      | Found a radiant altar of Vehumet.
  9328 | D:9      | Found a staircase to the Lair.
  9373 | D:9      | Reached *** piety under Cheibriados
  9696 | D:10     | Entered Level 10 of the Dungeon
  9710 | D:10     | Found Qugroh's Antique Armour Shop.
  9774 | D:10     | Noticed a two-headed ogre
  9785 | D:10     | Killed a two-headed ogre
  9885 | D:10     | Noticed a two-headed ogre
  9890 | D:10     | Killed a two-headed ogre
  9891 | D:10     | Reached skill level 13 in Axes
  9939 | D:10     | Reached skill level 10 in Armour
 10018 | D:10     | Found Jukaxeno's Distillery.
 10027 | D:10     | Bought a potion of heal wounds for 65 gold pieces
 10053 | D:10     | Noticed a two-headed ogre
 10062 | D:10     | Killed a two-headed ogre
 10063 | D:10     | Reached skill level 10 in Fighting
 10135 | D:10     | Found Zueplaj's Antique Weapon Shoppe.
 10141 | D:10     | Reached skill level 10 in Shields
 10270 | D:10     | Found Tinott's Antique Armour Shop.
 10536 | D:11     | Noticed a boulder beetle
 10557 | D:11     | Killed a boulder beetle
 10724 | D:11     | Reached skill level 5 in Dodging
 10822 | D:11     | Found an opulent altar of Gozag.
 10862 | D:11     | Reached **** piety under Cheibriados
 10946 | D:11     | Identified the +0 scale mail "Rousosh" {rCorr}
 11382 | D:11     | Reached skill level 5 in Invocations
 11389 | D:11     | Reached XP level 12. HP: 107/107 MP: 14/14
 11390 | D:11     | Reached ***** piety under Cheibriados
 11402 | D:11     | Reached skill level 14 in Axes
 11492 | D:11     | Noticed a boulder beetle
 11504 | D:11     | Killed a boulder beetle
 12033 | D:8      | Bought a scroll of acquirement for 624 gold pieces
 12033 | D:8      | Acquired 729 gold pieces
 12035 | D:8      | Bought a scroll of acquirement for 624 gold pieces
 12035 | D:8      | Acquired a +3 broad axe of pain
 12293 | D:12     | Found a staircase to the Orcish Mines.
 12531 | D:12     | Found a blossoming altar of Fedhas.
 12894 | D:10     | Bought a glowing kite shield for 172 gold pieces
 12974 | D:13     | Noticed a tengu warrior
 12980 | D:13     | Killed a tengu warrior
 13072 | D:13     | Found Ihirph's Firing Range.
 13110 | D:13     | Noticed a centaur warrior
 13117 | D:13     | Killed a centaur warrior
 13245 | D:13     | Reached skill level 15 in Axes
 13263 | D:13     | Noticed a six-headed hydra
 13274 | D:13     | Killed a 12-headed hydra
 13600 | D:14     | Noticed Jorgrun
 13618 | D:14     | Killed from afar by Jorgrun

Illustrated notes

Levels and vault maps discovered:
D:1:      grunt_arrival_crossed_arrows, layout_basic, interstate_on_off,
          lemuel_flame_loot_1
D:2:      wander_river, layout_basic
D:3:      layout_basic, nzn_overflow_gifts_of_might_and_magic, fountainhead
D:4:      layout_basic, gammafunk_ghost_abyssal_escape, portal_sewer_entry_e,
          minmay_misc_feat_rows, uniq_crazy_yiuf_cottage
D:5:      layout_cave_pods, uniq_ijyb, uniq_pikel
D:6:      layout_gridville
D:7:      layout_cave_pools, minmay_temple_entry_enclosed_plants,
          kennysheep_generic_room_3
D:8:      layout_layer_cave, nicolae_wu_jian_immortal_techniques,
          grunt_temple_overflow_diamond, serial_shops,
          nicolae_shop_window_shopping, eino_small_chamber_without_monster,
          uniq_psyche
D:9:      layout_irregular_city, lemuel_crystal_altar,
          mainiacjoe_overflow_paths, general_overflow_altar, dpeg_lair_monsters,
          uniq_gastronok
D:10:     layout_stronghold, serial_shops, shop, nicolae_shop_getting_attention,
          shop, nicolae_shop_tiny_waterfront, feat_on_display
D:11:     kennysheep_big_flooded_room, layout_cave_pools, special_room
          [special_room_bee], chequers_big_river, grunt_gozag_breadcrumbs
D:12:     layout_stronghold, orc_0_dummy, serial_column_ruins,
          column_ruins_hut_pillars, column_ruins_open_medium_water,
          column_ruins_open_small, column_ruins_grid_3, column_ruins_grid_1,
          column_ruins_open_tiny, column_ruins_grid_1, fedhas_altar_1
D:13:     layout_roguey, nicolae_shop_firing_range
D:14:     layout_irregular_city, david_vaults_5, serial_shops,
          nicolae_shop_drivethru, minivault_23, tso_oasis_becter, uniq_jorgrun
Temple:   nicolae_temple_god_jail

Skill      XL: |  1  2  3  4  5  6  7  8  9 10 11 12 |
---------------+-------------------------------------+-----
Axes           | 3 4 5 6 7 9 11 12 13 15 | 15.1
Armour         | 4 5 6 7 8 9 10 11 | 11.5
Fighting       | 4 5 6 7 8 9 10 11 | 11.4
Shields        | 4 5 6 7 8 9 10 11 | 11.3
Dodging        | 3 5 6 |  6.8
Invocations    | 3 5 6 |  6.2

Action                     |  1- 3 |  4- 6 |  7- 9 | 10-12 || total
---------------------------+-------+-------+-------+-------++-------
  Melee: War axe           |   102 |   105 |   148 |   296 ||   651
         Headbutt          |    22 |    12 |    22 |    93 ||   149
         Broad axe         |       |       |       |    98 ||    98
  Evoke: Wand              |       |       |       |     6 ||     6
    Use: Scroll            |     1 |    13 |     7 |    11 ||    32
         Potion            |       |       |       |     5 ||     5
 Armour: Scale mail        |    30 |       |       |       ||    30
         Chain mail        |    21 |       |       |       ||    21
         Plate armour      |       |    64 |    87 |   163 ||   314
  Dodge: Dodged            |    47 |    34 |    59 |   230 ||   370
  Block: Buckler           |    15 |       |       |       ||    15
         Kite shield       |     2 |    55 |    70 |   326 ||   453
